3052 views
Uploaded 2020-04-12 07:42:56
Game version 1.32.3
17:36 long 1on1 ladder game on (2)TerenasStand_LV
Saved by Ouarf
3052 views
Uploaded 2020-04-12 07:42:56
Game version 1.32.3
17:36 long 1on1 ladder game on (2)TerenasStand_LV

32 units @ 4.2k
/ 0.3k
16 buildings @ 1.9k
/ 0.7k



| Lesser Clarity Potion | 1 | 70 |
| Scroll of Regeneration | 1 | 100 |
| total: | 2 | 170g |
| Peasant | 10 | 750 | / | 0 |
| Footman | 9 | 1215 | / | 0 |
| Rifleman | 6 | 1230 | / | 180 |
| Priest | 4 | 540 | / | 40 |
| Sorceress | 2 | 310 | / | 40 |
| Forest Troll Shadow Priest | 1 | 195 | / | 10 |
| total: | 32 | 4240g | / | 270w |
| Scout Tower | 1 | 30 | / | 20 |
| Altar of Kings | 1 | 180 | / | 50 |
| Barracks | 1 | 160 | / | 60 |
| Farm | 9 | 720 | / | 180 |
| Arcane Vault | 1 | 130 | / | 30 |
| Blacksmith | 1 | 140 | / | 60 |
| Town Hall | 1 | 385 | / | 205 |
| Arcane Sanctum | 1 | 150 | / | 140 |
| Keep | 1 | 320 | / | 210 |
| Castle | 1 | 360 | / | 210 |
| total: | 16 | 1895g | / | 745w |
| 0:04 | Peasant |
| 0:04 | Peasant |
| 0:12 | Altar of Kings |
| 0:17 | Barracks |
| 0:22 | Peasant |
| 0:26 | Farm |
| 0:47 | Peasant |
| 1:05 | Peasant |
| 1:12 | Farm |
| 1:26 | Footman |
| 1:27 | Footman |
| 1:33 | Peasant |
| 1:54 | Footman |
| 1:58 | Footman |
| 2:13 | Arcane Vault |
| 2:20 | Storm Bolt |
| 2:44 | Keep |
| 3:00 | Blacksmith |
| 3:59 | Footman |
| 4:05 | Farm |
| 4:08 | Lesser Clarity Potion |
| 4:37 | Rifleman |
| 4:38 | Rifleman |
| 4:42 | Farm |
| 5:23 | Scroll of Regeneration |
| 5:30 | Farm |
| 5:34 | Footman |
| 5:34 | Footman |
| 5:54 | Arcane Sanctum |
| 6:06 | Rifleman |
| 6:33 | Forest Troll Shadow Priest |
| 6:55 | Holy Light |
| 7:05 | Priest |
| 7:05 | Priest |
| 7:08 | Bash |
| 7:14 | Farm |
| 7:15 | Black Gunpowder |
| 8:01 | Rifleman |
| 8:06 | Priest Adept Training |
| 8:09 | Farm |
| 8:53 | Devotion Aura |
| 8:56 | Storm Bolt |
| 9:51 | Priest |
| 9:51 | Priest |
| 9:53 | Rifleman |
| 9:54 | Rifleman |
| 9:56 | Studded Leather Armor |
| 9:59 | Farm |
| 10:52 | Devotion Aura |
| 11:19 | Footman |
| 11:20 | Footman |
| 11:23 | Sorceress |
| 11:24 | Sorceress |
| 11:31 | Town Hall |
| 11:37 | Castle |
| 12:33 | Farm |
| 14:14 | Priest Master Training |
| 14:16 | Peasant |
| 14:16 | Peasant |
| 15:20 | Howl of Terror |
| 16:12 | Peasant |
| 16:12 | Peasant |
| 16:15 | Scout Tower |
| 17:21 | Bash |
| Right click | 469 |
| Select | 279 |
| Build/train/purchase | 58 |
| Use ability | 26 |
38 units @ 5k
/ 0.3k
15 buildings @ 2.4k
/ 0.8k


| Rod of Necromancy | 1 | 150 |
| Potion of Healing | 1 | 150 |
| Boots of Speed | 1 | 250 |
| Potion of Lesser Invulnerability | 1 | 150 |
| total: | 4 | 700g |
| Acolyte | 8 | 600 | / | 0 |
| Ghoul | 21 | 2520 | / | 0 |
| Crypt Fiend | 5 | 1075 | / | 200 |
| Obsidian Statue | 4 | 800 | / | 140 |
| total: | 38 | 4995g | / | 340w |
| Spirit Tower | 6 | 870 | / | 240 |
| Ziggurat | 8 | 1200 | / | 400 |
| Altar of Darkness | 1 | 180 | / | 50 |
| Crypt | 1 | 200 | / | 50 |
| Tomb of Relics | 1 | 130 | / | 30 |
| Graveyard | 1 | 215 | / | 0 |
| Necropolis | 1 | 225 | / | 0 |
| Slaughterhouse | 2 | 280 | / | 270 |
| Halls of the Dead | 1 | 320 | / | 210 |
| Black Citadel | 1 | 325 | / | 230 |
| total: | 15 | 2430g | / | 800w |
| 0:03 | Acolyte |
| 0:04 | Acolyte |
| 0:07 | Ziggurat |
| 0:08 | Altar of Darkness |
| 0:36 | Crypt |
| 0:55 | Tomb of Relics |
| 1:16 | Graveyard |
| 1:27 | Ziggurat |
| 1:39 | Ghoul |
| 1:53 | Ghoul |
| 2:09 | Unholy Aura |
| 2:11 | Rod of Necromancy |
| 2:20 | Ghoul |
| 3:08 | Crypt Fiend |
| 3:10 | Ghoul |
| 3:10 | Ghoul |
| 3:11 | Ghoul |
| 3:13 | Halls of the Dead |
| 3:25 | Ziggurat |
| 3:57 | Ghoul |
| 3:57 | Ghoul |
| 4:19 | Creature Attack |
| 4:21 | Unholy Strength |
| 4:39 | Death Coil |
| 4:44 | Ghoul |
| 4:44 | Ghoul |
| 5:27 | Boots of Speed |
| 6:04 | Black Citadel |
| 6:16 | Potion of Healing |
| 6:23 | Ghoul |
| 6:33 | Frost Nova |
| 6:40 | Slaughterhouse |
| 7:10 | Ziggurat |
| 7:12 | Ghoul |
| 7:40 | Unholy Aura |
| 7:41 | Frost Armor |
| 7:53 | Obsidian Statue |
| 7:58 | Ghoul |
| 8:02 | Ghoul |
| 8:05 | Improved Unholy Strength |
| 8:10 | Potion of Lesser Invulnerability |
| 8:34 | Ghoul Frenzy |
| 8:48 | Ghoul |
| 9:02 | Unholy Armor |
| 9:29 | Destroyer Form |
| 9:39 | Crypt Fiend |
| 10:09 | Acolyte |
| 10:11 | Crypt Fiend |
| 10:12 | Obsidian Statue |
| 10:23 | Burrow |
| 11:18 | Crypt Fiend |
| 11:20 | Obsidian Statue |
| 11:44 | Obsidian Statue |
| 11:56 | Frost Nova |
| 12:05 | Ziggurat |
| 12:06 | Ziggurat |
| 12:41 | Necropolis |
| 13:11 | Spirit Tower |
| 13:12 | Spirit Tower |
| 13:12 | Spirit Tower |
| 13:13 | Spirit Tower |
| 13:36 | Death Coil |
| 13:42 | Ziggurat |
| 13:43 | Ziggurat |
| 13:58 | Slaughterhouse |
| 14:13 | Ghoul |
| 14:13 | Ghoul |
| 14:15 | Web |
| 14:31 | Acolyte |
| 14:31 | Acolyte |
| 14:32 | Acolyte |
| 14:33 | Acolyte |
| 14:37 | Spirit Tower |
| 15:24 | Acolyte |
| 15:25 | Crypt Fiend |
| 15:28 | Ghoul |
| 15:28 | Ghoul |
| 16:14 | Advanced Unholy Strength |
| 16:15 | Improved Creature Attack |
| 16:17 | Improved Unholy Armor |
| 16:18 | Creature Carapace |
| 16:23 | Spirit Tower |
| 17:00 | Ghoul |
| 17:01 | Ghoul |
| 17:10 | Frost Armor |
| 17:24 | Unholy Aura |
| Right click | 1411 |
| Select group | 629 |
| Select | 259 |
| Assign group | 113 |
| Build/train/purchase | 104 |
| Misc. action | 77 |
| Use ability | 39 |
| Chat | 24 |
| Esc | 10 |
| Item give/drop | 5 |